 Dungeon Crawl Stone Soup version 0.25.1-2-g60ff931df9 (webtiles) character file.

Game seed: 10895669245772870353

12210 Ivernyr the Frost Mage (level 11, 0/47 HPs)
             Began as a Vine Stalker Ice Elementalist on Oct 14, 2020.
             Was a Priest of Sif Muna.
             Slain by a dire elephant (7 damage)
             ... in a Gauntlet.
             The game lasted 00:58:23 (11186 turns).

Ivernyr the Frost Mage (VSIE)                      Turns: 11186, Time: 00:58:24

Health: 0/47       AC: 10    Str: 15    XL:     11   Next: 89%
Magic:  0/34       EV: 36    Int: 18    God:    Sif Muna [***...]
Gold:   2278       SH:  0    Dex: 29    Spells: 6/29 levels left

rFire    + + +     SeeInvis .   K - +12 dagger of Xogiroo {elec, rPois rF+ MP+9 Dex+8}
rCold    . . .     Gourm    .   (no shield)
rNeg     . . .     Faith    .   a - +2 robe {MR+}
rPois    +         Spirit   +   M - +0 hat {MR+}
rElec    .         Reflect  .   P - +4 cloak of Taceuf {*Drain rF++ Str+4 Stlth+}
rCorr    .         Harm     .   N - +0 pair of gloves
MR       +++..     NoTele   +   (no boots)
Stlth    ++++......             k - amulet of the acrobat
HPRegen  0.55/turn              i - +6 ring of dexterity
MPRegen  0.24/turn              u - ring of protection from fire

@: acrobat, frozen ramparts
A: fangs 3, regeneration 1, magic shield, antimagic bite, no potion heal 3, rot
immunity
a: Channel Magic, Forget Spell, Renounce Religion


You were in a Gauntlet.
You worshipped Sif Muna.
Sif Muna was most pleased with you.
You were not hungry.

You visited 2 branches of the dungeon, and saw 12 of its levels.
You also visited: Gauntlet.

You collected 2497 gold pieces.
You spent 219 gold pieces at shops.

Inventory:

Hand Weapons
 K - the +12 dagger of Xogiroo (weapon) {elec, rPois rF+ MP+9 Dex+8}
   (You found it on level 7 of the Dungeon)

   Occasionally, upon striking a foe, it will discharge some electrical energy
   and cause terrible harm.
   It affects your dexterity (+8).
   It protects you from fire.
   It protects you from poison.
   It affects your magic capacity (+9).
Armour
 a - a +2 robe of magic resistance (worn)
 M - a +0 hat of magic resistance (worn)
 N - a +0 pair of gloves (worn)
 P - the +4 cloak of Taceuf (worn) {*Drain rF++ Str+4 Stlth+}
   (You found it in a Gauntlet)

   It affects your strength (+4).
   It greatly protects you from fire.
   It causes draining when unequipped.
   It makes you more stealthy.
Jewellery
 i - a +6 ring of dexterity (left hand)
 k - an amulet of the acrobat (around neck)
 u - a ring of protection from fire (right hand)
Wands
 A - a wand of clouds (4)
 B - a wand of disintegration (31)
 F - a wand of random effects (32)
 H - a wand of paralysis (7)
 I - a wand of digging (3)
 L - a wand of flame (30)
 O - a wand of iceblast (9)
Scrolls
 e - 2 scrolls of magic mapping
 f - a scroll of torment
 h - 3 scrolls of immolation
 l - 5 scrolls of enchant armour
 n - 4 scrolls of teleportation
 p - a scroll of fog
 r - 11 scrolls of remove curse
 s - a scroll of identify
 x - 2 scrolls of amnesia
 y - 3 scrolls of enchant weapon
 C - a scroll of vulnerability
 E - 3 scrolls of fear
Potions
 b - a potion of resistance {unknown}
 d - 2 potions of flight {unknown}
 g - 3 potions of magic {unknown}
 j - 6 potions of curing {unknown}
 m - 3 potions of brilliance {unknown}
 o - 2 potions of lignification {unknown}
 q - 2 potions of cancellation {unknown}
 t - 2 potions of mutation {unknown}
 v - 3 potions of might {unknown}
 w - 3 potions of heal wounds {unknown}
 z - 3 potions of degeneration {unknown}
 G - a potion of stabbing {unknown}
 J - 2 potions of haste
Comestibles
 c - 34 rations
 D - 3 chunks of flesh


   Skills:
 + Level 7.9 Dodging
 - Level 2.4 Stealth
 + Level 9.5 Spellcasting
 * Level 5.2 Conjurations
 - Level 12.2 Ice Magic
 + Level 3.5 Invocations


You had 6 spell levels left.
You knew the following spells:

 Your Spells              Type           Power        Failure   Level  Hunger
a - Freeze                Ice            ####         1%          1    None
b - Frozen Ramparts       Ice            ######       1%          3    None
c - Ozocubu's Armour      Chrm/Ice       ####....     1%          3    None
d - Hailstorm             Conj/Ice       #####...     2%          4    ###....
e - Summon Ice Beast      Ice/Summ       ####....     7%          4    ###....
f - Mephitic Cloud        Conj/Pois/Air  ##......     12%         3    None
g - Blink                 Tloc           N/A          13%         2    None
h - Conjure Flame         Conj/Fire      ###.....     9%          3    None

Your spell library contained the following spells:

 Spells                   Type           Power        Failure   Level  Hunger
 Magic Dart               Conj           ####         1%          1    None
 Ensorcelled Hibernation  Hex/Ice        ####..       1%          2    None
 Corona                   Hex            #......      9%          1    None
 Dazzling Flash           Conj/Hex       ###...       9%          3    None
 Call Imp                 Summ           #.......     13%         2    None
 Slow                     Hex            #.......     13%         2    None
 Confusing Touch          Hex            #.......     26%         3    None
 Tukima's Dance           Hex            #.......     26%         3    None
 Malign Gateway           Summ/Tloc      #.........   100%        7    #######
 Monstrous Menagerie      Summ           #.........   100%        7    #######
 Summon Greater Demon     Summ           #.........   100%        7    #######
 Summon Horrible Things   Summ           #.........   100%        8    #######


Dungeon Overview and Level Annotations

Branches:
Dungeon (10/15)            Temple (0/1) D:6            Lair (2/6) D:8
  Snake (0/4) Lair:2          Orc (0/2) D:9         Gauntlet (1/1)
  Swamp: Lair:2-4    Shoals: Lair:2-4

Altars:
Ashenzari
Cheibriados
Dithmenos
Fedhas
Hepliaklqana
Nemelex Xobeh
Ru
Sif Muna
Uskayaw
Wu Jian
Xom
Yredelemnul
Zin
The Shining One

Shops:
D:4 %   D:6 (?%%   D:9 !

Annotations:
D:7 3 runed translucent doors, TangoThomas's ghost, novice BaAK Gauntlet 7 transporters


Innate Abilities, Weirdness & Mutations

You have razor-sharp teeth.
Your natural rate of healing is unusually fast.
When hurt, damage is shared between your health and your magic reserves.
Your bite disrupts and absorbs the magic of your enemies.
Potions cannot restore your health.
You are immune to rotting.


Message History

The elephant is almost dead.
The wall freezes the dire elephant!
The dire elephant tramples you!
You hold your ground!
The dire elephant trunk-slaps you but does no damage.
The wall freezes the elephant!
You kill the elephant!
Sif Muna accepts your kill.
You hit the dire elephant but do no damage.
You bite the dire elephant, but do no damage.
The dire elephant is severely wounded.
The wall freezes the dire elephant.
The dire elephant tramples you!!
* * * LOW HITPOINT WARNING * * *
You hold your ground!
The dire elephant trunk-slaps you!
* * * LOW HITPOINT WARNING * * *
The wall freezes the dire elephant.
There is a transporter landing site here.
The wall freezes the dire elephant.
The dire elephant completely misses you.
The dire elephant trunk-slaps you!
You die...

#######..#.#^.^#.#..##
#©#......#.(.©(..#..≈#
#©#......#########..##
#######.....#©#.....≈#
......#.....#©#.....##
......#..#########..≈#
......#..#...##..#..##
.....g#..#..##.Y.#..§#
.©...t#..#.##÷.#@#..##
.....c#..#.#.©##.#..≈#
.....F#..#...##..#..##
......#..#.†##[).#..≈#
.©")..#..#.##©.|.#..##
#######..#########..≈#
........∩...........##
....................≈#
#≈#≈########§#≈#§#≈###


You could see a dire elephant.

Vanquished Creatures
  Gastronok (D:8)
  A wolf spider (Lair:1)
  2 elephants (Gauntlet)
  2 black mambas (Lair:1)
  2 spiny frogs
  2 centaur skeletons (D:10)
  Maggie (D:10)
  3 hippogriffs
  A centaur simulacrum (Gauntlet)
  A ynoxinul (Gauntlet)
  Sigmund (D:5)
  A basilisk (Lair:1)
  Eustachio (D:4)
  Grum (D:8)
  Menkaure (D:7)
  3 wargs (D:8)
  A soldier ant (D:10)
  Duvessa (D:6)
  A water moccasin (D:9)
  6 orc warriors
  2 porcupines
  2 ice beasts (D:4)
  4 sky beasts
  A phantom (D:4)
  A black bear (D:9)
  4 necrophages
  2 wolves (D:8)
  5 ogres
  6 centaurs
  A bullfrog (Lair:1)
  Dowan (D:6)
  A scorpion (D:4)
  7 killer bees
  A wight (D:10)
  2 howler monkeys
  7 crimson imps
  5 hounds
  A bullfrog zombie (D:10)
  3 centaur zombies (D:5)
  A quasit (D:8)
  A wyvern simulacrum (Gauntlet)
  A jelly (D:8)
  3 orc priests
  Crazy Yiuf (D:5)
  2 iron imps (Gauntlet)
  A gnoll shaman (D:6)
  An iguana (D:7)
  11 orc wizards
  10 worker ants
  A killer bee zombie (D:6)
  3 bullfrog simulacra (Gauntlet)
  2 hound skeletons
  Robin (D:2)
  7 gnolls (D:6)
  11 adders
  2 shadow imps
  An ooze (D:4)
  An adder zombie (D:8)
  An adder skeleton (D:7)
  3 worms
  2 dart slugs
  6 leopard geckos
  36 orcs
  6 bats
  A giant cockroach (D:7)
  13 goblins
  8 hobgoblins
  14 jackals
  4 kobolds
  5 quokkas
  3 frilled lizards
  2 jackal skeletons
  A jackal zombie (D:6)
  4 rats
259 creatures vanquished.

Vanquished Creatures (others)
  2 fungi (Lair:1)
  A plant (Lair:1)
3 creatures vanquished.

Grand Total: 262 creatures vanquished

Notes
Turn   | Place    | Note
-------+----------+-------------------------------------------
     0 | D:1      | Ivernyr the Vine Stalker Ice Elementalist began the quest
                  | for the Orb.
     0 | D:1      | Reached XP level 1. HP: 9/9 MP: 4/4
   208 | D:1      | Reached XP level 2. HP: 13/13 MP: 4/6
  1051 | D:2      | Reached XP level 3. HP: 13/16 MP: 1/7
  1568 | D:2      | Noticed Robin
  1582 | D:2      | Gained mutation: Your natural rate of healing is unusually
                  | fast. [Vine Stalker growth]
  1582 | D:2      | Reached XP level 4. HP: 17/21 MP: 5/9
  1603 | D:2      | HP: 1/21 [poisoned by a goblin]
  1609 | D:2      | HP: 1/21 [poisoned by a goblin]
  1718 | D:2      | Found an ornate altar of the Wu Jian Council.
  1809 | D:2      | Killed Robin
  1922 | D:2      | Found a glowing silver altar of Zin.
  2165 | D:3      | Learned a level 3 spell: Frozen Ramparts
  2210 | D:3      | Reached skill level 5 in Ice Magic
  3275 | D:4      | Reached XP level 5. HP: 15/24 MP: 5/10
  3306 | D:4      | Noticed an ogre
  3319 | D:4      | Killed an ogre
  3363 | D:4      | Found a shimmering altar of Xom.
  3422 | D:4      | Reached XP level 6. HP: 25/28 MP: 10/12
  3693 | D:4      | Noticed an ice beast
  3702 | D:4      | Learned a level 3 spell: Ozocubu's Armour
  3712 | D:4      | HP: 1/28 [ice beast (10)]
  3778 | D:4      | Killed an ice beast
  3778 | D:4      | Reached skill level 6 in Ice Magic
  3932 | D:4      | Noticed an ice beast
  3997 | D:4      | Found Tank's Food Boutique.
  4016 | D:4      | Killed an ice beast
  4016 | D:4      | Reached XP level 7. HP: 32/32 MP: 14/14
  4109 | D:4      | Found a blossoming altar of Fedhas.
  4209 | D:5      | Entered Level 5 of the Dungeon
  4349 | D:5      | Found a sparkling altar of Nemelex Xobeh.
  4402 | D:5      | Reached skill level 7 in Ice Magic
  4421 | D:5      | Noticed Eustachio
  4530 | D:4      | Killed Eustachio
  4530 | D:4      | Gained mutation: You have razor-sharp teeth. [Vine Stalker
                  | growth]
  4530 | D:4      | Reached XP level 8. HP: 27/36 MP: 10/16
  4571 | D:4      | Reached skill level 5 in Spellcasting
  4651 | D:5      | Noticed Sigmund
  4666 | D:5      | Killed Sigmund
  4666 | D:5      | Reached skill level 8 in Ice Magic
  4799 | D:5      | Found a sacrificial altar of Ru.
  4799 | D:5      | Found a shimmering blue altar of Sif Muna.
  4800 | D:5      | Found a snail-covered altar of Cheibriados.
  4809 | D:5      | Became a worshipper of Sif Muna the Loreminder
  5028 | D:5      | Found a runed translucent door.
  5029 | D:5      | Noticed Crazy Yiuf
  5036 | D:5      | Killed Crazy Yiuf
  5161 | D:6      | Found a shadowy altar of Dithmenos.
  5244 | D:5      | Reached XP level 9. HP: 36/39 MP: 9/18
  5327 | D:6      | Found Wojyuwk's Magic Scroll Shoppe.
  5351 | D:6      | Bought a scroll of fear for 38 gold pieces
  5351 | D:6      | Bought a scroll of teleportation for 33 gold pieces
  5351 | D:6      | Bought a scroll of identify for 22 gold pieces
  5351 | D:6      | Bought a scroll of identify for 22 gold pieces
  5351 | D:6      | Bought a scroll of remove curse for 33 gold pieces
  5351 | D:6      | Bought a scroll of fear for 38 gold pieces
  5351 | D:6      | Bought a scroll of teleportation for 33 gold pieces
  5381 | D:6      | Found a snail-covered altar of Cheibriados.
  5395 | D:6      | Found Gaedeont's Food Shoppe.
  5401 | D:6      | Found Nerphad's Food Emporium.
  5448 | D:6      | Found a staircase to the Ecumenical Temple.
  5452 | D:6      | Reached skill level 9 in Ice Magic
  5512 | D:6      | Reached skill level 5 in Dodging
  5580 | D:6      | Found a basalt altar of Yredelemnul.
  5585 | D:6      | Found a glowing golden altar of the Shining One.
  5593 | D:6      | Noticed an angel
  5612 | D:6      | Noticed Dowan
  5613 | D:6      | Noticed Duvessa
  5619 | D:6      | Killed Dowan
  5624 | D:6      | Killed Duvessa
  5624 | D:6      | Reached * piety under Sif Muna
  5702 | D:6      | Found Ygepsos's Weapon Shoppe.
  5937 | D:7      | Noticed Menkaure
  6401 | D:7      | Reached skill level 10 in Ice Magic
  6434 | D:7      | Identified the +12 dagger of Xogiroo {elec, rPois rF+ MP+9
                  | Dex+8} (You found it on level 7 of the Dungeon)
  6646 | D:7      | Killed Menkaure
  6868 | D:7      | Found a runed translucent gate.
  6868 | D:7      | Found a runed translucent gate.
  6870 | D:7      | Found a runed translucent gate.
  6873 | D:7      | Noticed TangoThomas's ghost (novice BaAK)
  6940 | D:7      | Found a shimmering blue altar of Sif Muna.
  7347 | D:8      | Found a staircase to the Lair.
  7347 | D:8      | Noticed Grum
  7355 | D:8      | Killed Grum
  7365 | D:8      | Reached XP level 10. HP: 43/44 MP: 21/21
  7460 | D:8      | Reached ** piety under Sif Muna
  7466 | D:8      | Found a hazy altar of Hepliaklqana.
  7629 | D:8      | Found a shimmering altar of Xom.
  7629 | D:8      | Found a shimmering altar of Xom.
  7630 | D:8      | Found a shimmering altar of Xom.
  7631 | D:8      | Found a shimmering altar of Xom.
  7631 | D:8      | Found a shimmering altar of Xom.
  7632 | D:8      | Found a shimmering altar of Xom.
  7632 | D:8      | Found a shimmering altar of Xom.
  7633 | D:8      | Found a shimmering altar of Xom.
  7649 | D:8      | Reached skill level 11 in Ice Magic
  7672 | D:8      | Learned a level 4 spell: Hailstorm
  7677 | D:8      | Learned a level 4 spell: Summon Ice Beast
  7711 | D:8      | Noticed Gastronok
  7747 | D:8      | Noticed a spiny frog
  7768 | D:8      | Killed Gastronok
  7867 | D:8      | Noticed a guardian serpent
  8125 | D:9      | You fall into a shaft and drop 1 floor!
  8125 | D:10     | Entered Level 10 of the Dungeon
  8202 | D:10     | Reached skill level 12 in Ice Magic
  8223 | D:10     | Reached XP level 11. HP: 47/47 MP: 24/24
  8279 | D:9      | Found Kafi's Distillery.
  8539 | D:9      | Found a staircase to the Orcish Mines.
  8546 | D:9      | Learned a level 3 spell: Mephitic Cloud
  8762 | D:9      | Found a hide-covered altar of Uskayaw.
  8762 | D:9      | Found a shattered altar of Ashenzari.
  8967 | D:10     | Reached skill level 1 in Conjurations
  9012 | D:10     | Reached skill level 1 in Invocations
  9268 | D:10     | Noticed Maggie
  9279 | D:10     | Killed Maggie
  9279 | D:10     | Reached *** piety under Sif Muna
  9778 | Lair:1   | Entered Level 1 of the Lair of Beasts
 10404 | Lair:1   | Noticed a wolf spider
 10436 | Lair:1   | Killed a wolf spider
 10639 | Lair:2   | Found a gate leading to a gauntlet.
 10680 | Gauntlet | Entered a Gauntlet
 10680 | Gauntlet | Found a transporter.
 10680 | Gauntlet | Found a transporter.
 10680 | Gauntlet | Noticed a worldbinder
 10682 | Gauntlet | Found a transporter.
 10685 | Gauntlet | Found a transporter.
 10685 | Gauntlet | Found a transporter.
 10698 | Gauntlet | Found a transporter.
 10699 | Gauntlet | Found a transporter.
 10701 | Gauntlet | Found a transporter.
 10702 | Gauntlet | Found a transporter.
 10714 | Gauntlet | Noticed a shock serpent
 10715 | Gauntlet | Found a transporter.
 10722 | Gauntlet | Noticed a manticore
 10722 | Gauntlet | a shock serpent changed into a manticore
 10723 | Gauntlet | Found a transporter.
 10725 | Gauntlet | Noticed a moth of wrath
 10725 | Gauntlet | a manticore changed into a moth of wrath
 10728 | Gauntlet | Learned a level 2 spell: Blink
 10729 | Gauntlet | Noticed a faun
 10729 | Gauntlet | a moth of wrath changed into a faun
 10732 | Gauntlet | a faun changed into a merfolk
 10748 | Gauntlet | Noticed an orb spider
 10748 | Gauntlet | a guardian serpent changed into an orb spider
 10750 | Gauntlet | an orb spider changed into a black bear
 10752 | Gauntlet | Noticed a glowing orange brain
 10752 | Gauntlet | a redback changed into a glowing orange brain
 10762 | Gauntlet | Noticed a swamp dragon
 10762 | Gauntlet | a swamp worm changed into a swamp dragon
 10767 | Gauntlet | Noticed a deep troll
 10767 | Gauntlet | a swamp dragon changed into a deep troll
 10773 | Gauntlet | Noticed a dire elephant
 10815 | Gauntlet | Found a transporter.
 10849 | Gauntlet | Noticed a cyclops
 10849 | Gauntlet | Noticed a lindwurm
 10849 | Gauntlet | a cyclops changed into a lindwurm
 10850 | Gauntlet | a lindwurm changed into a jumping spider
 10854 | Gauntlet | Noticed an entropy weaver
 10893 | Gauntlet | Noticed a storm dragon
 10893 | Gauntlet | an entropy weaver changed into a storm dragon
 10977 | Gauntlet | Identified a scroll of acquirement
 10978 | Gauntlet | Acquired 1770 gold pieces
 11064 | Gauntlet | Learned a level 3 spell: Conjure Flame
 11084 | Gauntlet | Identified the +4 cloak of Taceuf {*Drain rF++ Str+4
                  | Stlth+} (You found it in a Gauntlet)
 11153 | Gauntlet | Noticed a queen ant
 11153 | Gauntlet | Noticed an emperor scorpion
 11153 | Gauntlet | a queen ant changed into an emperor scorpion
 11165 | Gauntlet | Reached skill level 5 in Conjurations
 11171 | Gauntlet | Noticed a faun
 11171 | Gauntlet | Noticed an alligator
 11186 | Gauntlet | Slain by a dire elephant

Illustrated notes

Levels and vault maps discovered:
D:1:      zelgadis_glass_arrival_small, layout_basic
D:2:      layout_basic, nicolae_overflow_crystal_walls, lemuel_doored_altar,
          uniq_robin
D:3:      layout_basic
D:4:      layout_layer_cave, lemuel_crystal_altar, serial_shops, shop,
          serial_glass, glass_columns_c, glass_columns_a, fedhas_altar_2
D:5:      layout_rooms, gammafunk_temple_overflow_claw, basic_altar,
          first_ration, uniq_eustachio, uniq_crazy_yiuf_cottage, uniq_sigmund
D:6:      layout_rooms, grunt_dithmenos_smoke_and_mirrors,
          grunt_temple_overflow_holy_war, minmay_temple_entry_sparse_star,
          serial_shops, nicolae_shop_waterfront, shop, nicolae_shop_trees,
          nicolae_shop_statue_plus, cheibriados_altar_1, uniq_duvessa
D:7:      layout_loops_ring, gammafunk_ghost_necromancy, grunt_ogre_cave,
          grunt_ministairs_12, led_sif_pool, uniq_menkaure
D:8:      layout_rooms, lemuel_coloured_pillars_altar,
          erik_lair_orcish_takeover, xom_shifter_show, uniq_gastronok, uniq_grum
D:9:      layout_cave_pools, gammafunk_temple_overflow_wave, orc_0_dummy,
          serial_shops, shop
D:10:     layout_stronghold, wad_dig_loot, uniq_maggie
Lair:1:   minmay_lair_venomous_thicket, layout_cave_pods
Lair:2:   cheibrodos_lair_overgrown_chateau, layout_loops_ring,
          guppyfry_snake_entry_island, gauntlet_entry_generic,
          portal_ice_cave_entry_imps
Gauntlet: minmay_gauntlet_mixed_big_or_small [gammafunk_gauntlet_arena_crates,
          minmay_gauntlet_arena_77_box, gammafunk_gauntlet_arena_split_x,
          minmay_gauntlet_arena_77_mirror, gammafunk_gauntlet_arena_open,
          minmay_gauntlet_arena_77_two_lines,
          nicolae_gauntlet_exit_dead_adventurers]

Skill      XL: |  1  2  3  4  5  6  7  8  9 10 11 |
---------------+----------------------------------+-----
Dodging        | 2 3 4 5 7 |  7.9
Spellcasting   | 3 4 5 7 8 9 |  9.5
Ice Magic      | 5 6 7 8 10 12 | 12.2
Conjurations   | 5 |  5.2
Invocations    | 3 |  3.5
Stealth        | |  2.4

Action                   |  1- 3 |  4- 6 |  7- 9 | 10-12 || total
-------------------------+-------+-------+-------+-------++-------
Melee: Whip              |    12 |     5 |       |       ||    17
       Bite              |     3 |    47 |    78 |    82 ||   210
       Dagger            |       |    95 |   211 |   175 ||   481
 Cast: Freeze            |    38 |    25 |    12 |    16 ||    91
       Frozen Ramparts   |       |     2 |    17 |    18 ||    37
       Ozocubu's Armour  |       |     2 |     5 |    10 ||    17
       Hailstorm         |       |       |       |     2 ||     2
       Conjure Flame     |       |       |       |     1 ||     1
  Use: Scroll            |       |       |     1 |    12 ||    13
 Stab: Sleeping          |       |     3 |     9 |    11 ||    23
       Distracted        |       |       |     1 |     1 ||     2
  Eat: Chunk             |     2 |     8 |    12 |    12 ||    34
Armor: Robe              |    10 |    15 |    40 |    16 ||    81
Dodge: Dodged            |    24 |    88 |   223 |   184 ||   519
